 Dungeon Crawl Stone Soup version 0.28-b1-70-g80dc712255 (webtiles) character file.

Game seed: 4680100108058976040

41 iguanaiguana the Shield-Bearer (level 3, 0/33 HPs)
             Began as a Minotaur Fighter on Feb 3, 2022.
             Succumbed to a kobold's poison
             ... on level 2 of the Dungeon.
             The game lasted 00:01:22 (807 turns).

iguanaiguana the Shield-Bearer (Minotaur Fighter)    Turns: 807, Time: 00:01:22

Health: 0/33       AC:  7    Str: 28    XL:     3   Next: 32%
Magic:  2/2        EV: 10    Int:  5    God:
Gold:   48         SH:  4    Dex:  9    Spells: 2/2 levels left

rFire   . . .      SeeInvis .   a - +0 war axe
rCold   . . .      Faith    .   c - +0 buckler
rNeg    . . .      Spirit   .   b - +0 scale mail
rPois   .          Reflect  .   (helmet restricted)
rElec   .          Harm     .   (no cloak)
rCorr   .          Rampage  .   (no gloves)
Will    .....                   (no boots)
Stlth   ..........              (no amulet)
HPRegen 0.11/turn               i - +6 ring of strength
MPRegen 0.08/turn               (no ring)

@: mighty, lethally poisoned (0 -> -2)
A: horns 2, retaliatory headbutt
a: no special abilities


You were on level 2 of the Dungeon.
You visited 1 branch of the dungeon, and saw 2 of its levels.

You collected 48 gold pieces.

Inventory:

Hand Weapons
 a - a +0 war axe (weapon)
Missiles
 f - 2 poisoned darts (quivered)
Armour
 b - a +0 scale mail (worn)
 c - a +0 buckler (worn)
Jewellery
 i - a +6 ring of strength (left hand)
Scrolls
 e - a scroll of teleportation {@r3}
 g - a scroll of enchant weapon
 h - a scroll of identify {@r1}


   Skills:
 + Level 3.9 Fighting
 * Level 3.4 Axes
 + Level 3.9 Armour
 + Level 1.1 Dodging
 + Level 4.0 Shields


You had 2 spell levels left.
You didn't know any spells.
Your spell library was empty.

Dungeon Overview and Level Annotations

Branches:
Dungeon (2/15)

Altars:


Innate Abilities, Weirdness & Mutations

You have a pair of horns on your head.
You reflexively headbutt those who attack you in melee.


Message History

Your Shields skill increases to level 4!
No target in view!
No target in view!
No target in view!
No target in view!
No target in view!
No target in view!
A ball python comes into view.
The ball python hisses angrily.
The ball python moves out of view.
An endoplasm comes into view.
The endoplasm quivers.
There are monsters nearby!
A hobgoblin comes into view.
The hobgoblin shouts!
You hit the endoplasm.
You kill the endoplasm!
You hit the hobgoblin. Your headbutt misses the hobgoblin.
The hobgoblin is moderately wounded.
You slash the ball python!
You kill the ball python!
The hobgoblin barely misses you.
You barely miss the hobgoblin.
The hobgoblin is moderately wounded.
The hobgoblin completely misses you.
You hit the hobgoblin but do no damage.
The hobgoblin is moderately wounded.
The hobgoblin barely misses you. You furiously retaliate!
You headbutt the hobgoblin!
You kill the hobgoblin!
No target in view!
No target in view!
No target in view!
No target in view!
No target in view!
No target in view!
No target in view!
You open the door.
A kobold comes into view. It is wielding a +2 dagger of venom.
The kobold shouts!
A kobold is nearby!
A hobgoblin opens the door.
The kobold throws a stone.
The stone hits you.
There is an open door here.
A quokka comes into view.
You closely miss the kobold. Your headbutt misses the kobold.
The kobold hits you but does no damage.
You closely miss the kobold. The kobold hits you but does no damage.
You are poisoned.
The kobold hits you with a +2 dagger of venom.
You are more poisoned.
You barely miss the kobold. Your headbutt misses the kobold.
You feel very sick. The kobold hits you but does no damage.
You are lethally poisoned!
You barely miss the kobold. Your headbutt misses the kobold.
You feel extremely sick. The kobold hits you but does no damage.
You barely miss the kobold.
You feel very sick. The kobold closely misses you.
You block the kobold's attack.
You are too injured to fight recklessly!
You are too injured to fight recklessly!
You are too injured to fight recklessly!
You are too injured to fight recklessly!
Okay, then.
Okay, then.
You feel very mighty all of a sudden.
You feel very sick. You block the kobold's attack.
As you read the scroll labelled FURAGOUTIH, it crumbles to dust.
You feel strangely unstable.
It was a scroll of teleportation.
* * * LOW HITPOINT WARNING * * *
You feel very sick. The kobold barely misses you. You furiously retaliate!
You headbutt the kobold!!
You kill the kobold!
As you read the scroll labelled MOPILOU YW TEI, it crumbles to dust.
It is a scroll of identify.
g - a scroll of enchant weapon
* * * LOW HITPOINT WARNING * * *
You feel sick.
You are too injured to fight recklessly!
You are too injured to fight recklessly!
You are too injured to fight recklessly!
You are too injured to fight recklessly!
You are too injured to fight recklessly!
You are too injured to fight recklessly!
You are too injured to fight recklessly!
You are too injured to fight recklessly!
You are too injured to fight recklessly!
You slash the quokka!
You kill the quokka!
* * * LOW HITPOINT WARNING * * *
You feel sick.
* * * LOW HITPOINT WARNING * * *
You feel sick.
Your surroundings suddenly seem different.
* * * LOW HITPOINT WARNING * * *
You feel sick.
You die...

### ..# ### #.#
..## #.# #####
#..###.#######...#
#...............@#
.....#.#######...#
.......## ##.##
........# #.#
....###.# #.#
...## #.# #.#
.#+## #.# #†#
....###.# ##.#
..†.....# ###..#


There were no monsters in sight!

Vanquished Creatures
  4 dart slugs (D:1)
  4 endoplasms
  2 giant cockroaches
  A goblin (D:1)
  4 hobgoblins
  A quokka (D:2)
  2 ball pythons
  3 bats (D:1)
  3 frilled lizards
  4 kobolds
  5 rats
33 creatures vanquished.

Vanquished Creatures (others)
  A bat (D:1)
1 creature vanquished.

Grand Total: 34 creatures vanquished

Notes
Turn   | Place    | Note
-------+----------+-------------------------------------------
     0 | D:1      | iguanaiguana the Minotaur Fighter began the quest for the
                  | Orb.
     0 | D:1      | Reached XP level 1. HP: 19/19 MP: 0/0
   157 | D:1      | Reached XP level 2. HP: 27/27 MP: 1/1
   607 | D:1      | Reached XP level 3. HP: 33/33 MP: 2/2
   684 | D:1      | Reached skill level 1 in Dodging
   779 | D:2      | Reached skill level 4 in Shields
   806 | D:2      | HP: 1/33 [poisoned by a kobold]
   807 | D:2      | Succumbed to a kobold's poison

Illustrated notes

Levels and vault maps discovered:
D:1:      matt_arrival_refuge, layout_rooms
D:2:      layout_loops_corners

Skill      XL: |  1  2  3 |
---------------+----------+-----
Axes           | 3 |  3.4
Dodging        | 1 |  1.1
Shields        | 4 |  4.0
Fighting       | |  3.9
Armour         | |  3.9

Action                   || total
-------------------------++-------
Melee: War axe           ||    59
       Headbutt          ||     2
  Use: Scroll            ||     2
       Potion            ||     1
Armor: Scale mail        ||    14
Dodge: Dodged            ||    34
Block: Buckler           ||    14
